 Dungeon Crawl Stone Soup version 0.29-a0-323-g050149af67 (webtiles) character file.

Game seed: 1330413782902860000

402 greenreed the Insei (level 6, -4/46 (47) HPs)
             Began as a Gnoll Transmuter on Apr 10, 2022.
             Slain by a black bear (8 damage)
             ... on level 3 of the Dungeon.
             The game lasted 00:11:33 (3622 turns).

greenreed the Insei (Gnoll Transmuter)              Turns: 3622, Time: 00:11:33

HP:   -4/46 (47)    AC:  4    Str:  9    XL:     6   Next: 85%
MP:   14/14         EV: 13    Int: 14    God:
Gold: 111           SH:  4    Dex: 13    Spells: 7/15 levels left

rFire   . . .      SeeInvis .   r - +2 dagger (venom)
rCold   . . .      Faith    .   q - +0 buckler
rNeg    . . .      Spirit   .   a - +0 robe
rPois   .          Reflect  .   w - +0 helmet
rElec   .          Harm     .   (no cloak)
rCorr   .          Rampage  .   (no gloves)
Will    .....                   v - +0 pair of boots
Stlth   ++........              (no amulet)
HPRegen 0.15/turn               (no ring)
MPRegen 0.14/turn               (no ring)

@: about to teleport, lightly drained
A: fangs 1, strong nose, distributed training
a: no special abilities


You were on level 3 of the Dungeon.
You visited 1 branch of the dungeon, and saw 4 of its levels.

You collected 111 gold pieces.

Inventory:

Hand Weapons
 p - a +0 hunting sling
 r - a +2 dagger of venom (weapon)
Missiles
 s - 4 poisoned darts
Armour
 a - a +0 robe (worn)
 q - a +0 buckler (worn)
 v - a +0 pair of boots (worn)
 w - a +0 helmet (worn)
Wands
 u - a wand of flame (19)
Scrolls
 d - 4 scrolls of fog
 f - a scroll of enchant weapon
 l - a scroll of torment
 n - 4 scrolls of identify
 t - a scroll of immolation {unknown}
Potions
 b - a potion of lignification
 c - a potion of berserk rage
 e - a potion of ambrosia
 g - a potion of magic
 h - a potion of flight {unknown}
 j - 4 potions of curing
 k - a potion of might {unknown}
 m - a potion of heal wounds {unknown}
 o - 2 potions of cancellation {unknown}


   Skills:
 + Level 3.3 Fighting
 + Level 2.1 Short Blades
 + Level 2.1 Long Blades
 + Level 2.1 Axes
 + Level 2.1 Maces & Flails
 + Level 2.1 Polearms
 + Level 2.1 Staves
 + Level 2.1 Slings
 + Level 2.1 Bows
 + Level 2.1 Crossbows
 + Level 2.1 Throwing
 + Level 2.1 Armour
 + Level 5.0 Dodging
 + Level 2.1 Stealth
 + Level 2.1 Shields
 + Level 6.9 Unarmed Combat
 + Level 5.4 Spellcasting
 + Level 1.7 Conjurations
 + Level 1.7 Hexes
 + Level 1.7 Summonings
 + Level 1.7 Necromancy
 + Level 1.7 Translocations
 + Level 4.2 Transmutations
 + Level 1.7 Fire Magic
 + Level 1.7 Ice Magic
 + Level 1.7 Air Magic
 + Level 1.7 Earth Magic
 + Level 1.7 Poison Magic
 + Level 2.3 Invocations
 + Level 2.1 Evocations


You had 7 spell levels left.
You knew the following spells:

 Your Spells              Type           Power      Damage    Failure   Level
a - Beastly Appendage     Tmut           30%        N/A       4%          1
b - Wereblood             Tmut           15%        N/A       6%          2
c - Sting                 Tmut/Pois      48%        1d5       7%          1
d - Slow                  Hex            32%        N/A       11%         1
e - Spider Form           Tmut/Pois      12%        N/A       21%         3

Your spell library contained the following spells:

 Spells                   Type           Power      Damage    Failure   Level
 Blink                    Tloc           16%        N/A       16%         2
 Poisonous Vapours        Pois/Air       16%        N/A       16%         2
 Static Discharge         Conj/Air       8%         N/A       16%         2
 Confusing Touch          Hex            8%         N/A       32%         3
 Vampiric Draining        Necr           8%         2d6       32%         3
 Ice Form                 Ice/Tmut       12%        N/A       54%         4
 Dispel Undead            Necr           8%         3d8       71%         4
 Olgreb's Toxic Radiance  Pois           8%         N/A       71%         4
 Sticky Flame             Conj/Fire      8%         2d3       71%         4
 Manifold Assault         Tloc           8%         N/A       96%         5
 Storm Form               Tmut/Air       6%         N/A       100%        7


Dungeon Overview and Level Annotations

Branches:
Dungeon (4/15)
 Temple: D:4-7

Altars:


Innate Abilities, Weirdness & Mutations

You have very sharp teeth.
Your uncanny sense of smell can sniff out nearby items.
Your experience applies equally to all skills.


Message History

You block the black bear's attack. The black bear claws you.
The black bear barely misses you. The orc hits you with a +0 dagger.
You climb upwards.
There is a stone staircase leading down, spattered with blood here.
You hit the orc but do no damage. You block the black bear's attack. x2
The black bear claws you but does no damage.
The orc hits you with a +0 dagger.
You hit the orc but do no damage. You bite the orc, but do no damage.
The black bear barely misses you. The black bear misses you.
The black bear claws you. The orc barely misses you.
You barely miss the orc. The orc hits you with a +0 dagger.
The black bear bites you.
* * * LOW HITPOINT WARNING * * *
The black bear claws you.
* * * LOW HITPOINT WARNING * * *
The black bear barely misses you.
You hit the orc. You bite the orc.
The orc is severely wounded.
The black bear closely misses you. The black bear claws you.
* * * LOW HITPOINT WARNING * * *
The black bear claws you.
* * * LOW HITPOINT WARNING * * *
You block the orc's attack.
As you read the scroll of teleportation, it crumbles to dust.
You feel strangely unstable. You block the black bear's attack.
The black bear claws you but does no damage.
The black bear claws you.
* * * LOW HITPOINT WARNING * * *
The orc completely misses you.
You hit the orc. Your bite misses the orc.
The orc is almost dead.
You barely miss the orc. Your bite misses the orc.
The orc is almost dead.
The black bear barely misses you. x2
The black bear claws you but does no damage.
The orc misses you.
You closely miss the orc.
The orc is almost dead.
The orc misses you. The black bear bites you!
You die...

#.# #.# ##...##...........
#.# #.# ##.###.####..####
####.#######.# #.# #.#
#.##### .......>.....# #.#
#.# #.#....
#####.######.#####.# #.#
#.'..). ##...## #.......#
#.# ###.... ##.....#
##.####### #.# ####.
##......###.#)########.###
##
...).......###.h@o[[.....#
#
...#....##..#.####.###.#.#


∆Jc ........##.#.## #.# #.#.# #.?l #..........#.# #.# #.#.# #$.∆ #..##........#
#.# #.#.# ### #..#########.# #.# #.#.# #.# ...# #.# #.# #.#.#####.## ...# #.#
#.# #)#...##...# #### #.# #.# #........... You could see a black bear and an
orc.

Vanquished Creatures
  An ice beast (D:3)
  A necrophage (D:3)
  A hound (D:3)
  Jessica (D:3)
  Robin (D:3)
  4 gnolls (D:2)
  8 adders
  3 dart slugs
  An orc (D:3)
  2 ball pythons
  4 bats
  5 endoplasms
  2 giant cockroaches
  11 goblins
  6 hobgoblins
  2 jackals (D:1)
  3 kobolds
  4 quokkas
  3 frilled lizards
  5 rats
68 creatures vanquished.

Notes
Turn   | Place    | Note
-------+----------+-------------------------------------------
     0 | D:1      | greenreed the Gnoll Transmuter began the quest for the Orb.
     0 | D:1      | Reached XP level 1. HP: 17/17 MP: 6/6
   366 | D:1      | Reached XP level 2. HP: 22/23 MP: 5/7
   595 | D:1      | Found a faded altar of an unknown god.
   908 | D:2      | Reached skill level 5 in Spellcasting
   908 | D:2      | Reached XP level 3. HP: 19/28 MP: 6/9
  1215 | D:2      | Reached skill level 1 in Invocations
  1271 | D:2      | Learned a level 2 spell: Wereblood
  1286 | D:2      | Learned a level 1 spell: Sting
  1367 | D:2      | Reached skill level 1 in Short Blades
  1367 | D:2      | Reached skill level 1 in Long Blades
  1367 | D:2      | Reached skill level 1 in Axes
  1367 | D:2      | Reached skill level 1 in Maces & Flails
  1367 | D:2      | Reached skill level 1 in Polearms
  1367 | D:2      | Reached skill level 1 in Staves
  1367 | D:2      | Reached skill level 1 in Slings
  1367 | D:2      | Reached skill level 1 in Bows
  1367 | D:2      | Reached skill level 1 in Crossbows
  1367 | D:2      | Reached skill level 1 in Throwing
  1367 | D:2      | Reached skill level 1 in Armour
  1367 | D:2      | Reached skill level 1 in Stealth
  1367 | D:2      | Reached skill level 1 in Shields
  1367 | D:2      | Reached skill level 1 in Evocations
  1494 | D:2      | Reached XP level 4. HP: 34/34 MP: 6/11
  1506 | D:2      | Reached skill level 1 in Conjurations
  1506 | D:2      | Reached skill level 1 in Hexes
  1506 | D:2      | Reached skill level 1 in Summonings
  1506 | D:2      | Reached skill level 1 in Necromancy
  1506 | D:2      | Reached skill level 1 in Translocations
  1506 | D:2      | Reached skill level 1 in Fire Magic
  1506 | D:2      | Reached skill level 1 in Ice Magic
  1506 | D:2      | Reached skill level 1 in Air Magic
  1506 | D:2      | Reached skill level 1 in Earth Magic
  1506 | D:2      | Reached skill level 1 in Poison Magic
  1972 | D:2      | Learned a level 1 spell: Slow
  2014 | D:2      | Reached XP level 5. HP: 39/40 MP: 10/12
  2416 | D:3      | Noticed an ice beast
  2471 | D:3      | Killed an ice beast
  2472 | D:3      | Reached XP level 6. HP: 24/47 MP: 8/14
  2650 | D:3      | Noticed Robin
  2677 | D:3      | Killed Robin
  2694 | D:3      | Reached skill level 5 in Dodging
  2906 | D:3      | Learned a level 3 spell: Spider Form
  3014 | D:3      | Noticed Jessica
  3021 | D:3      | Killed Jessica
  3574 | D:4      | Noticed a black bear
  3622 | D:3      | Slain by a black bear

Illustrated notes

Levels and vault maps discovered:
D:1:      sevenhm_arrival_forest_fort_small_5, layout_basic,
          hellmonk_ecumenical_altar_heavens_door
D:2:      layout_loops_ring
D:3:      layout_loops_ring, minmay_misc_feat_enclosed, lightli_corner_chamber,
          uniq_robin, uniq_jessica
D:4:      layout_rooms, cheibrodos_sewer_entry_bend, grunt_ministairs_10,
          minmay_unequal

Skill      XL: |  1  2  3  4  5  6 |
---------------+-------------------+-----
Spellcasting   | 5 |  5.4
Invocations    | 1 2 |  2.3
Short Blades   | 1 2 |  2.1
Long Blades    | 1 2 |  2.1
Axes           | 1 2 |  2.1
Maces & Flails | 1 2 |  2.1
Polearms       | 1 2 |  2.1
Staves         | 1 2 |  2.1
Slings         | 1 2 |  2.1
Bows           | 1 2 |  2.1
Crossbows      | 1 2 |  2.1
Throwing       | 1 2 |  2.1
Armour         | 1 2 |  2.1
Stealth        | 1 2 |  2.1
Shields        | 1 2 |  2.1
Evocations     | 1 2 |  2.1
Conjurations   | 1 |  1.7
Hexes          | 1 |  1.7
Summonings     | 1 |  1.7
Necromancy     | 1 |  1.7
Translocations | 1 |  1.7
Fire Magic     | 1 |  1.7
Ice Magic      | 1 |  1.7
Air Magic      | 1 |  1.7
Earth Magic    | 1 |  1.7
Poison Magic   | 1 |  1.7
Fighting       | 3 |  3.3
Transmutations | 4 |  4.2
Dodging        | 5 |  5.0
Unarmed Combat | |  6.9

Action                   |  1- 3 |  4- 6 || total
-------------------------+-------+-------++-------
Melee: Unarmed           |    52 |    49 ||   101
       Kick              |    12 |     5 ||    17
       Bite              |     2 |     9 ||    11
       Headbutt          |     4 |     2 ||     6
       Punch             |     2 |       ||     2
       Dagger            |       |    35 ||    35
 Fire: Hunting sling     |       |    13 ||    13
 Cast: Beastly Appendage |    14 |     2 ||    16
       Sting             |     7 |    49 ||    56
       Wereblood         |     1 |     1 ||     2
       Slow              |       |     4 ||     4
  Use: Scroll            |       |     9 ||     9
 Stab: Sleeping          |     2 |     1 ||     3
Armor: Robe              |     6 |    19 ||    25
Dodge: Dodged            |    30 |    71 ||   101
Block: Buckler           |       |    11 ||    11

Table legend: (Time is in decaauts)
 A = Elapsed time spent in this place.
 B = Non-inter-level travel time spent in this place.
 C = Inter-level travel time spent in this place.
 D = Time resting spent in this place.
 E = Time spent auto-exploring this place.
 F = Levels seen in this place.
 G = Mean time per level.
                   A        B        C        D        E       F      G
               +--------+--------+--------+--------+--------+-----+--------+
         Total |   3613 |   3465 |    148 |      0 |   2819 |   4 |  903.2 |
       Dungeon |   3613 |   3465 |    148 |      0 |   2819 |   4 |  903.2 |
               +--------+--------+--------+--------+--------+-----+--------+

Top non-repeatable levels by time:
     D:3: 1551 daAuts
     D:2: 1155 daAuts
     D:1: 899 daAuts
     D:4: 7 daAuts
